 Dungeon Crawl Stone Soup version 0.28.0-1-gb440e238dd (webtiles) character file.

Game seed: 12068632070439450544

1 spaghetti the Sneak (level 1, -1/21 HPs)
             Began as a Naga Delver on Feb 20, 2022.
             Was an Initiate of Cheibriados (penitent).
             Killed by nerve-wracking pain
             ... invoked by an orc priest
              (3 damage)
             ... on level 4 of the Dungeon.
             The game lasted 00:00:36 (136 turns).

spaghetti the Sneak (Naga Delver)                    Turns: 136, Time: 00:00:37

Health: -1/21      AC:  1    Str: 14    XL:     1   Next: 20%
Magic:  1/1        EV:  9    Int: 10    God:    Cheibriados [......]
Gold:   0          SH:  0    Dex: 12    Spells: 0/0 levels left

rFire   . . .      SeeInvis +   a - +0 hand axe
rCold   . . .      Faith    .   (no shield)
rNeg    . . .      Spirit   .   b - +0 leather armour
rPois   +          Reflect  .   (no helmet)
rElec   .          Harm     .   (no cloak)
rCorr   .          Rampage  .   (no gloves)
Will    .....                   (no barding)
Stlth   +++.......              (no amulet)
HPRegen 0.07/turn               (no ring)
MPRegen 0.07/turn               (no ring)

@: hasted (expiring), quick
A: AC +0, large, see invisible, deformed body, poison resistance, slowness 2,
spit poison 1, naga tail 1
a: Spit Poison, Renounce Religion


You were on level 4 of the Dungeon.
You worshipped Cheibriados.
Cheibriados was demanding penance.
You visited 2 branches of the dungeon, and saw 3 of its levels.

Inventory:

Hand Weapons
 a - a +0 hand axe (weapon)
Armour
 b - a +0 leather armour (worn)
Wands
 g - a wand of digging (3)
Scrolls
 c - a scroll of fog
 d - a scroll of magic mapping
 e - a scroll of fear


   Skills:
 + Level 3.0 Fighting
 + Level 2.0 Axes
 + Level 1.6 Dodging
 + Level 7.2 Stealth


You couldn't memorise any spells.
You didn't know any spells.
Your spell library contained the following spells:

 Spells                   Type           Power      Damage    Failure   Level
 Animate Skeleton         Necr           0%         N/A       43%         1
 Pain                     Necr           0%         1d4       43%         1
 Vampiric Draining        Necr           0%         2d6       82%         3


Dungeon Overview and Level Annotations

Branches:
Dungeon (5/15)             Temple (1/1) D:5

Altars:
Cheibriados
Dithmenos
Elyvilon
Makhleb
Nemelex Xobeh
Qazlal
Ru
Sif Muna
Trog
Uskayaw
Yredelemnul


Innate Abilities, Weirdness & Mutations

Your serpentine skin is tough. (AC +0)
You have supernaturally acute eyesight. (SInv)
Armour fits poorly on your strangely shaped body.
Your system is resistant to poisons. (rPois)
You cover ground very slowly.
You can spit poison.
You have a snake-like lower body.


Message History

Cheibriados thinks you should slow down.
You feel extremely guilty. "You will pay for your transgression, mortal!"
The scorpion zombie hits you.
You see here 12 gold pieces.
Found 12 gold pieces.
The scorpion zombie hits you.
* * * LOW HITPOINT WARNING * * *
There is a stone staircase leading up here.
The scorpion zombie hits you.
* * * LOW HITPOINT WARNING * * *
You climb upwards.
Found a ruby potion.
There is a stone staircase leading down here.
Unknown command.
Aiming: Spit Poison (3% risk of failure)
Press: ? - help, Q - select action Shift-Dir - straight line, f - hobgoblin
Aim: a hobgoblin (asleep, 100% to hit)
The splash of poison hits the hobgoblin.
The hobgoblin is poisoned.
The hobgoblin is heavily wounded.
The hobgoblin shouts!
You hear a shout! x2
Unknown command.
Found a scroll labelled OGIWYIF CASANEIKK.
The hobgoblin barely misses you. The hobgoblin hits you.
* * * LOW HITPOINT WARNING * * *
You see here a ruby potion.
You kill the hobgoblin!
An orc priest comes into view. It is wielding a +0 hand axe.
You have got your breath back.
You see here a ruby potion.
You see here a hobgoblin corpse.
An orc comes into view. It is wielding a +0 hand axe.
The orc moves out of view.
An orc wizard comes into view. It is wielding a +0 dagger.
Your extra speed is starting to run out.
The orc priest invokes the aid of Beogh against you.
Pain shoots through your body!
You die...

#......>...#
####.......#
####†#.######
#!#..o...#
#.#.####o#
#o#.# #.#
........#.#
#.#
###........
#.# #....?...
#@# #.#####..
#.# ... ....
... ###
.......#
......#
...#### ....
#.o..


You could see an orc priest and an orc wizard (wandering).

Vanquished Creatures
  A hobgoblin (D:4)
1 creature vanquished.

Notes
Turn   | Place    | Note
-------+----------+-------------------------------------------
     0 | D:5      | spaghetti the Naga Delver began the quest for the Orb.
     0 | D:5      | Reached XP level 1. HP: 21/21 MP: 1/1
     9 | Temple   | Entered the Ecumenical Temple
    78 | Temple   | Became a worshipper of Cheibriados the Contemplative
   106 | D:5      | Was placed under penance by Cheibriados
   119 | D:4      | HP: 1/21 [hobgoblin (1)]
   122 | D:4      | Noticed an orc priest
   136 | D:4      | Noticed an orc wizard
   136 | D:4      | Killed from afar by an orc priest

Illustrated notes

Levels and vault maps discovered:
D:4:      layout_loops_ring, kennysheep_cross_bottleneck
D:5:      layout_basic, mainiacjoe_overflow_24_doors,
          minmay_temple_entry_offerings, kennysheep_minor_cross,
          minmay_misc_feat_plants, hangedman_abyss_or_decor_stagger, uniq_ijyb
Temple:   eino_temple_scatter_basement

Action                   || total
-------------------------++-------
Melee: Hand axe          ||     7
 Abil: Spit Poison       ||     1
  Use: Potion            ||     1
Dodge: Dodged            ||    10
